[Event "Team 45 45 League T65"]
[Site "Internet Chess Club"]
[Date "2015.06.10"]
[Round "2"]
[White "f5"]
[Black "infiniteshug"]
[Result "0-1"]
[WhiteElo "2067"]
[BlackElo "2148"]
[Opening "Trompowsky attack (Ruth, Opocenský opening)"]
[ECO "A45"]
[Time "17:00:08"]
[TimeControl "2700+45"]

1. d4 Nf6 2. Bg5 c5 3. Bxf6 gxf6 4. d5 Qb6 5. Qc1 Bh6 6. e3 d6 7. Bd3 Rg8 8. g3
Na6 9. Nd2 Nb4 10. Bxh7 Rh8 11. Be4 f5 12. Bf3 Bg7 13. Nc4 Qb5 14. Be2 Qa4 15.
Na3 Bd7 16. c4 Kd8 17. Nf3 Kc7 18. h4 Rag8 19. Kf1 Bf6 20. Qd2 a6 21. Ne1 f4 22.
exf4 Bf5 23. Nf3 Qd7 24. Ng5 Rf8 25. Kg2 Bd4 26. f3 e6 27. Rhc1 Kb8 28. dxe6
fxe6 29. Nb1 e5 30. fxe5 Bxe5 31. Nc3 Qg7 32. f4 Bd4 33. a3 Nc6 34. Bf3 Na5 35.
Nce4 Nb3 36. Qd1 Nxa1 37. Rxa1 Rh6 38. Qb3 Bxb2 39. Rb1 Bd4 40. Qa4 Ka7 41. Qa5
d5 42. cxd5 b6 43. Qa4 Rd8 44. d6 Rb8 45. Qc6 Bd7 46. Qd5 Rhh8 47. h5 Rhg8 48.
Nd2 Rge8 49. Nc4 b5 50. Na5 Rb6 51. Re1 Be3 52. g4 Qb2+ 53. Re2 Qc1 54. Ne4 Qg1+
55. Kh3 Qf1+ 56. Kg3 Bxf4+ 57. Kxf4 Rf8+ 58. Kg5 Qxf3 59. Qxc5 Qxg4+ {White
resigns} 0-1

[Event "Team 45 45 League T65"]
[Site "Internet Chess Club"]
[Date "2015.06.12"]
[Round "2"]
[White "Wahman"]
[Black "CHENENE"]
[Result "1/2-1/2"]
[WhiteElo "1997"]
[BlackElo "2070"]
[Opening "Sicilian: Grand Prix attack, Schofman variation"]
[ECO "B23"]
[Time "08:32:47"]
[TimeControl "2700+45"]

1. e4 c5 2. Nc3 Nc6 3. f4 e6 4. Nf3 g6 5. Bc4 Bg7 6. f5 gxf5 7. d3 Nge7 8. Bg5
h6 9. Bh4 Bxc3+ 10. bxc3 Qa5 11. Rb1 Qxc3+ 12. Qd2 Qxd2+ 13. Nxd2 Rg8 14. O-O
Nd4 15. Rb2 fxe4 16. Nxe4 Kf8 17. Nf6 Rg7 18. c3 Ndf5 19. Bf2 b6 20. h3 Rg6 21.
Nh5 d5 22. Bb3 Ba6 23. Nf4 Rg8 24. g4 Ng6 25. Ng2 Nfe7 26. Be3 Kg7 27. Rbf2 f5
28. Bc2 Ne5 29. Nf4 Kf7 30. Kh1 fxg4 31. Nxd5+ Nf5 32. Rxf5+ exf5 33. Rxf5+ Ke6
34. d4 Kxd5 35. Rxe5+ Kc4 36. Bb3+ Kxc3 37. Bxg8 Rxg8 38. dxc5 Bb7+ 39. Kg1
gxh3+ 40. Kh2 Bc8 41. Kh1 Rg2 42. cxb6 Bb7 43. Re7 Bf3 44. Rf7 Be4 45. Re7 Kd3
46. Rxe4 Kxe4 47. bxa7 Rxa2 48. Bf2 Kf3 49. Bd4 Kg3 50. Be5+ Kg4 51. Bd4 h5 52.
Bf2 h2 53. a8=Q Rxa8 54. Kxh2 Ra2 55. Kg1 Rc2 56. Ba7 h4 57. Bb8 h3 58. Kh1 Rb2
59. Be5 Re2 60. Bc7 Kf3 61. Bb8 Rc2 62. Bd6 Ra2 63. Bc7 Kg4 64. Be5 Rd2 65. Bc7
h2 66. Bxh2 Kh3 67. Bg1 Kg3 68. Bc5 Rd3 69. Bb6 Rd7 70. Bc5 Rd8 71. Bb6 Rc8 72.
Ba7 Rc1+ 73. Bg1 Kf3 74. Kh2 Rc2+ 75. Kh1 Rc7 76. Bb6 Rb7 77. Bc5 Rb5 78. Bd4
Kg3 79. Ba7 Rb4 80. Bc5 Rc4 81. Bb6 Rc2 82. Ba7 Rb2 83. Bd4 Rb1+ 84. Bg1 Rb7 85.
Bc5 Rd7 86. Bb6 Rb7 87. Bc5 Rb1+ 88. Bg1 Kh3 {White stalemated} 1/2-1/2

[Event "Team 45 45 League T65"]
[Site "Internet Chess Club"]
[Date "2015.06.11"]
[Round "2"]
[White "CirrusStratus"]
[Black "JJ12"]
[Result "1-0"]
[WhiteElo "2301"]
[BlackElo "2029"]
[Opening "Sicilian: Keres variation (2.Ne2)"]
[ECO "B34"]
[Time "15:00:20"]
[TimeControl "2700+45"]

1. e4 c5 2. Ne2 g6 3. Nbc3 Bg7 4. d4 cxd4 5. Nxd4 Nc6 6. Be3 Nf6 7. Bb5 O-O 8.
O-O a6 9. Be2 d6 10. Nxc6 bxc6 11. f4 Bb7 12. Qd3 d5 13. e5 Nd7 14. Na4 Qa5 15.
b3 e6 16. c4 Rfd8 17. Bf2 c5 18. Bh4 Rdb8 19. cxd5 Bxd5 20. Nc3 Nb6 21. Nxd5
Nxd5 22. Qf3 Qd2 23. Bc4 Qe3+ 24. Rf2 Qxf3 25. Rxf3 Nb6 26. Bd3 h6 27. Rc1 g5
28. Bg3 Rc8 29. f5 g4 30. Re3 h5 31. Ree1 Bh6 32. Rcd1 Nd5 33. Be4 Rd8 34. Bh4
Rd7 35. h3 gxh3 36. gxh3 Kh8 37. Bf3 Rg8+ 38. Kh1 Bg5 39. Bf2 h4 40. Bxc5 Rc8
41. Rg1 Bf4 42. b4 Bg3 43. fxe6 fxe6 44. Bxd5 Rxd5 45. Rxd5 exd5 46. e6 Re8 47.
e7 Kh7 48. Rf1 {Black resigns} 1-0

[Event "Team 45 45 League T65"]
[Site "Internet Chess Club"]
[Date "2015.06.13"]
[Round "2"]
[White "spand42"]
[Black "SlimeDog2"]
[Result "1/2-1/2"]
[WhiteElo "1975"]
[BlackElo "2030"]
[Opening "KGA: Becker defense"]
[ECO "C34"]
[Time "14:03:09"]
[TimeControl "2700+45"]

1. e4 e5 2. f4 exf4 3. Nf3 h6 4. d4 g5 5. Nc3 Bg7 6. g3 d6 7. gxf4 g4 8. Rg1 Kf8
9. Be3 gxf3 10. Qxf3 Nc6 11. O-O-O h5 12. f5 Nce7 13. Bc4 c6 14. Qg3 Rh7 15.
Bxf7 Kxf7 16. Qg6+ Nxg6 17. fxg6+ Kf8 18. gxh7 Nf6 19. Rdf1 Bh3 20. Rf2 Qe7 21.
Bg5 Kf7 22. e5 dxe5 23. Ne4 Bg4 24. h3 exd4 25. Nxf6 Kg6 26. hxg4 hxg4 27. Bh4
Qe3+ 28. Kd1 Bxf6 29. Rxf6+ Kxh7 30. Rxg4 d3 31. Rf7+ Kh6 32. Bg5+ Qxg5 33. Rxg5
dxc2+ 34. Kxc2 Kxg5 35. Rxb7 Kf5 36. Rc7 Ke6 37. Rxc6+ Kd7 38. Rc3 Rb8 39. a3
Rb6 40. b4 a5 41. Kb3 axb4 42. axb4 Rc6 43. Rh3 Kc7 44. b5 Rg6 45. Kb4 Kb6 46.
Rh4 Rf6 47. Rc4 Rg6 48. Rc6+ Rxc6 49. bxc6 Kc7 50. Kc4 Kxc6 {Game drawn because
neither player has mating material} 1/2-1/2

[Event "Team 45 45 League T65"]
[Site "Internet Chess Club"]
[Date "2015.06.15"]
[Round "2"]
[White "achessman"]
[Black "gtmorton"]
[Result "0-1"]
[WhiteElo "1943"]
[BlackElo "2009"]
[Opening "Scandinavian (center counter) defense"]
[ECO "B01"]
[Time "21:03:33"]
[TimeControl "2700+45"]

1. e4 d5 2. exd5 Qxd5 3. Nc3 Qa5 4. d4 Nf6 5. g3 c6 6. Bg2 Bg4 7. Nf3 e6 8. O-O
Bd6 9. Qe1 Nbd7 10. Ne4 Qc7 11. Nxd6+ Qxd6 12. Bf4 Qe7 13. a4 O-O 14. a5 Bf5 15.
a6 bxa6 16. Ne5 Nxe5 17. Bxe5 Bxc2 18. Qc3 Bf5 19. Rxa6 Nd5 20. Bxd5 cxd5 21.
Bd6 Qb7 22. Rfa1 Rfc8 23. Bc5 Rc7 24. R1a5 Qc8 25. Qa3 e5 26. dxe5 Bh3 27. f4
Qf5 28. Qe3 Qb1+ 29. Kf2 Qf1# {White checkmated} 0-1

[Event "Team 45 45 League T65"]
[Site "Internet Chess Club"]
[Date "2015.06.15"]
[Round "2"]
[White "imgr8"]
[Black "qlwqznzn"]
[Result "0-1"]
[WhiteElo "2218"]
[BlackElo "2283"]
[Opening "Sicilian, Chekhover variation"]
[ECO "B53"]
[Time "21:12:36"]
[TimeControl "2700+45"]

1. e4 c5 2. Nf3 d6 3. d4 cxd4 4. Qxd4 Nc6 5. Bb5 Bd7 6. Bxc6 Bxc6 7. Nc3 Nf6 8.
Bg5 e6 9. O-O-O Be7 10. Rhe1 O-O 11. Qd2 a6 12. Nd4 Bd7 13. Nb3 Bc6 14. Nd4 Qb6
15. f3 Rfc8 16. g4 a5 17. Be3 Qa6 18. Kb1 a4 19. a3 Nd7 20. g5 Ne5 21. Qg2 b5
22. Na2 Bb7 23. Bc1 Nc4 24. f4 d5 25. e5 b4 26. axb4 Bd8 27. f5 Bc7 28. g6 hxg6
29. fxe6 Bxe5 30. exf7+ Kxf7 31. Qg4 Kg8 32. Rg1 Rf8 33. Ne6 Bc8 34. Qxg6 Qxe6
35. Qxe6+ Bxe6 36. Rge1 Rf2 37. Be3 Rxh2 38. Bd4 Bxd4 39. Rxe6 Bxb2 40. b5 a3
41. b6 Nd2+ 42. Rxd2 Rh1+ 43. Nc1 a2+ {White resigns} 0-1

[Event "Team 45 45 League T65"]
[Site "Internet Chess Club"]
[Date "2015.06.17"]
[Round "2"]
[White "Percival"]
[Black "imawesome"]
[Result "1/2-1/2"]
[WhiteElo "2135"]
[BlackElo "2021"]
[Opening "Nimzo-Indian: Kmoch variation"]
[ECO "E20"]
[Time "09:09:00"]
[TimeControl "2700+45"]

1. d4 Nf6 2. c4 e6 3. Nc3 Bb4 4. f3 O-O 5. a3 Bxc3+ 6. bxc3 c5 7. e4 d5 8. cxd5
exd5 9. e5 Nfd7 10. f4 Qe7 11. Nf3 f6 12. Bd3 Nc6 13. O-O Nb6 14. Be3 cxd4 15.
cxd4 Na5 16. Nd2 f5 17. g4 g6 18. g5 Nac4 19. Bxc4 dxc4 20. d5 Nxd5 21. Nxc4
Nxe3 22. Nxe3 Rd8 23. Qc2 Be6 24. Rfd1 Rac8 25. Rxd8+ Qxd8 26. Rd1 Qb6 27. Qd3
Kf7 28. Rb1 Qc6 29. Qb5 Qxb5 30. Rxb5 b6 31. a4 Rc3 32. Kf2 Ra3 33. a5 Rxa5 34.
Rxa5 bxa5 35. Nc2 a4 36. Ke3 Ke7 37. Kd4 Kd7 38. Kc5 Bb3 39. Na3 Bd1 40. Kb5 Bb3
41. Nb1 a6+ 42. Kb4 Kc6 43. Nc3 a5+ 44. Ka3 Bg8 45. Kxa4 Kc5 46. Kxa5 Kd4 47.
Kb4 Ke3 48. Kc5 Kxf4 49. Kd6 Kxg5 50. e6 Bxe6 51. Kxe6 Kh4 52. Kf6 Kh3 53. Kg7
Kxh2 54. Kxh7 g5 55. Kg6 g4 {Game drawn by mutual agreement} 1/2-1/2

[Event "Team 45 45 League T65"]
[Site "Internet Chess Club"]
[Date "2015.06.13"]
[Round "2"]
[White "juniorVishy"]
[Black "Ohanessian"]
[Result "1-0"]
[WhiteElo "2002"]
[BlackElo "1934"]
[Opening "Dutch: Leningrad, main variation with c6"]
[ECO "A88"]
[Time "20:01:50"]
[TimeControl "2700+45"]

1. d4 f5 2. c4 Nf6 3. g3 g6 4. Bg2 Bg7 5. Nc3 d6 6. Nf3 O-O 7. O-O c6 8. Bf4 h6
9. h4 Nh5 10. e3 Be6 11. Qe2 Nd7 12. Rfe1 Bf7 13. Rad1 Qa5 14. d5 c5 15. Qc2 a6
16. Nd2 b5 17. a3 b4 18. axb4 Qxb4 19. Ra1 Rfb8 20. Reb1 Nxf4 21. exf4 Bd4 22.
h5 Nf6 23. hxg6 Bxg6 24. Bh3 Ne4 25. Ndxe4 fxe4 26. f5 Bh5 27. Qxe4 Qxc4 28.
Qxe7 Qd3 29. Ne4 Rf8 30. f6 Bf7 31. Be6 Rab8 32. Bxf7+ Rxf7 33. Qe6 Qf3 34. Rf1
Rf8 35. Ra3 Qe2 36. Nxd6 Qxe6 37. dxe6 Rxf6 38. e7 Rxd6 39. exf8=Q+ Kxf8 40. Rb3
Kf7 41. Kg2 Ke6 42. f4 Kd5 43. Kf3 Kc4 44. Rb8 Kd3 45. g4 Kc2 46. Ke4 Rg6 47.
Kf3 Re6 48. f5 Re3+ 49. Kf4 Re2 50. Rb6 Bxb2 51. f6 c4 52. Rxb2+ {Black resigns}
1-0

[Event "Team 45 45 League T65"]
[Site "Internet Chess Club"]
[Date "2015.06.14"]
[Round "2"]
[White "jt2000"]
[Black "rook9999"]
[Result "0-1"]
[WhiteElo "2094"]
[BlackElo "1905"]
[Opening "Sicilian: Pin, Koch variation"]
[ECO "B41"]
[Time "20:43:51"]
[TimeControl "2700+45"]

1. e4 c5 2. Nf3 e6 3. d4 cxd4 4. Nxd4 Nf6 5. Nc3 Bb4 6. e5 Nd5 7. Bd2 Nxc3 8.
bxc3 Ba5 9. Bd3 O-O 10. O-O Nc6 11. f4 a6 12. Kh1 d5 13. Qh5 g6 14. Qh6 Nxd4 15.
f5 Nxf5 16. Bxf5 exf5 17. Bg5 f6 18. exf6 Rxf6 19. Rf3 Qd6 20. Bxf6 Qxf6 21. Re1
Bd7 22. Rh3 Qf7 23. Rhe3 Bb5 24. Re7 Re8 25. Qh4 Rxe7 26. Rxe7 Bd8 27. Rxf7 Bxh4
28. Rxb7 Be1 29. Rb8+ Kf7 30. Rb7+ Ke6 31. Rxh7 Bxc3 32. g3 Ke5 33. Kg2 Ke4 34.
Re7+ Be5 35. c3 g5 36. h4 gxh4 37. gxh4 Be2 38. Kf2 Bg4 39. Re6 a5 40. a3 Kf4
41. Rc6 d4 42. Rc4 Ke4 43. Ra4 Bd1 44. Rxa5 dxc3 45. Ke1 c2 46. Rc5 Bd6 47. Rc6
Bg3+ 48. Kf1 Bxh4 49. a4 Bg5 {White resigns} 0-1

[Event "Team 45 45 League T65"]
[Site "Internet Chess Club"]
[Date "2015.06.11"]
[Round "2"]
[White "Zkid"]
[Black "dmarcolino"]
[Result "0-1"]
[WhiteElo "2277"]
[BlackElo "1998"]
[Opening "Caro-Kann: Steinitz variation"]
[ECO "B17"]
[Time "21:05:31"]
[TimeControl "2700+45"]

1. e4 c6 2. d4 d5 3. Nc3 dxe4 4. Nxe4 Nd7 5. Nf3 Ngf6 6. Nxf6+ Nxf6 7. Bc4 Nd5
8. Ne5 Be6 9. Qe2 Nc7 10. Bxe6 Nxe6 11. Qf3 f6 12. Qh5+ g6 13. Nxg6 Ng7 14. Kd1
Nxh5 {White resigns} 0-1

[Event "Team 45 45 League T65"]
[Site "Internet Chess Club"]
[Date "2015.06.13"]
[Round "2"]
[White "charles-allen"]
[Black "Froggy"]
[Result "0-1"]
[WhiteElo "1817"]
[BlackElo "2014"]
[Opening "Pirc defense"]
[ECO "B07"]
[Time "08:00:29"]
[TimeControl "2700+45"]

1. e4 d6 2. d4 Nf6 3. Bd3 e5 4. c3 Nc6 5. Nf3 g6 6. O-O Bg7 7. Re1 O-O 8. h3 h6
9. Nbd2 Re8 10. b4 exd4 11. Nxd4 Nxd4 12. cxd4 c5 13. bxc5 dxc5 14. e5 Nd5 15.
Bb5 Nc3 16. Qb3 Nxb5 17. Qxb5 cxd4 18. Nf3 b6 19. Bf4 Bb7 20. Nd2 Qd5 21. Qxd5
Bxd5 22. Nb3 g5 23. Bg3 Bxb3 24. axb3 Bf8 25. Rad1 Bb4 26. Re4 Bc5 27. h4 f5 28.
Re2 f4 29. Bh2 Rad8 30. Rd3 Kf7 31. g3 fxg3 32. Bxg3 Ke6 33. f4 gxf4 34. Bxf4
Rg8+ 35. Rg2 Rxg2+ 36. Kxg2 h5 37. Kf3 Kf5 38. Bg5 Rd7 39. Bf6 a5 40. Bh8 Rd8
41. Bf6 Rg8 42. Kf2 Ke4 43. Ke2 Rg2+ 44. Kf1 Kxd3 45. Kxg2 Ke2 46. e6 d3 {White
resigns} 0-1

[Event "Team 45 45 League T65"]
[Site "Internet Chess Club"]
[Date "2015.06.14"]
[Round "2"]
[White "qingjoshua"]
[Black "Heian"]
[Result "1/2-1/2"]
[WhiteElo "1681"]
[BlackElo "1757"]
[Opening "Ruy Lopez: Classical defense deferred"]
[ECO "C70"]
[Time "18:30:35"]
[TimeControl "2700+45"]

1. e4 e5 2. Nf3 Nc6 3. Bb5 a6 4. Ba4 Bc5 5. O-O b5 6. Bb3 d6 7. h3 Nd4 8. c3
Nxf3+ 9. Qxf3 Qf6 10. Qxf6 Nxf6 11. d3 h6 12. Be3 Bxe3 13. fxe3 O-O 14. Nd2 Be6
15. Nf3 c5 16. Bc2 Rac8 17. a3 a5 18. Rac1 b4 19. Rfd1 Rb8 20. Rd2 bxc3 21. bxc3
Rb2 22. Rb1 Rfb8 23. Rxb2 Rxb2 24. Ba4 Rb1+ 25. Rd1 Ba2 26. Rxb1 Bxb1 27. Bb5
Kf8 28. Nd2 Bc2 29. Kf2 Ke7 30. Kf3 d5 31. c4 dxe4+ 32. dxe4 Bd1+ 33. Kf2 Bc2
34. Kf3 {Game drawn by mutual agreement} 1/2-1/2

[Event "Team 45 45 League T65"]
[Site "Internet Chess Club"]
[Date "2015.06.13"]
[Round "2"]
[White "kabindra"]
[Black "gyu123987kool"]
[Result "1-0"]
[WhiteElo "1767"]
[BlackElo "1682"]
[Opening "Scotch: Göring gambit"]
[ECO "C44"]
[Time "12:00:15"]
[TimeControl "2700+45"]

1. e4 e5 2. Nf3 Nc6 3. d4 exd4 4. c3 dxc3 5. Bc4 d6 6. Qb3 Qe7 7. Nxc3 Nf6 8.
Bg5 h6 9. Nd5 Qxe4+ 10. Kf1 Kd7 11. Bxf6 Na5 12. Qa4+ c6 13. Qxa5 Qxc4+ 14. Kg1
gxf6 15. Qc7+ Ke6 16. Ne3 Qc5 17. Re1 h5 18. h4 Rh7 19. Qd8 Rh8 20. Qe8+ {Black
resigns} 1-0

[Event "Team 45 45 League T65"]
[Site "Internet Chess Club"]
[Date "2015.06.13"]
[Round "2"]
[White "ahxm"]
[Black "QuieroAprender"]
[Result "0-1"]
[WhiteElo "1380"]
[BlackElo "1567"]
[Opening "Ruy Lopez: 5.O-O"]
[ECO "C78"]
[Time "18:02:28"]
[TimeControl "2700+45"]

1. e4 e5 2. Nf3 Nc6 3. Bb5 a6 4. Ba4 Nf6 5. O-O b5 6. Bb3 Bc5 7. a4 Nxe4 8. Qe2
Nd6 9. Nxe5 O-O 10. Nxc6 dxc6 11. Nc3 Nf5 12. axb5 Nd4 13. Qd3 Bf5 14. Qf3 Nxf3+
15. gxf3 Bh3 16. d4 Bxf1 17. dxc5 Bxb5 18. Be3 Qf6 19. Rb1 a5 20. Ne4 Qg6+ 21.
Ng3 a4 22. Ba2 Qxc2 23. Ne4 Bc4 24. Rc1 Qxc1+ 25. Bxc1 Bxa2 26. Nc3 Bd5 27. Bf4
a3 28. bxa3 Rxa3 29. Be5 Bxf3 30. h3 f6 31. Bxc7 Rxc3 32. Kh2 Rxc5 33. Kg3 Bd1
34. Bd6 Rc3+ 35. Kg2 Rd8 36. Bc7 Rd5 37. Ba5 Rg5+ 38. Kf1 Rxh3 39. Ke1 Rh1+ 40.
Kd2 Rxa5 41. Kc3 Rh3+ 42. Kd2 Ra2+ 43. Kc1 Rxf2 44. Kb1 Rh1 45. Kc1 Ba4# {White
checkmated} 0-1

[Event "Team 45 45 League T65"]
[Site "Internet Chess Club"]
[Date "2015.06.11"]
[Round "2"]
[White "RUPIS"]
[Black "Portola"]
[Result "0-1"]
[WhiteElo "1594"]
[BlackElo "1817"]
[Opening "French: Rubinstein variation"]
[ECO "C10"]
[Time "09:13:44"]
[TimeControl "2700+45"]

1. e4 e6 2. d4 d5 3. Nc3 dxe4 4. Nxe4 Be7 5. Nf3 Nf6 6. Bd3 Nbd7 7. O-O O-O 8.
Bg5 Nxe4 9. Bxe7 Qxe7 10. Bxe4 Nf6 11. Bd3 c5 12. c3 b6 13. Qc2 Bb7 14. Qe2 Rfd8
15. Rad1 Qc7 16. Rfe1 Qc6 17. Bb5 Qd5 18. c4 Qh5 19. h3 Bxf3 20. Qxf3 Qxf3 21.
gxf3 Rxd4 22. Rxd4 cxd4 23. b4 a6 24. Ba4 Rc8 25. Rc1 Nd5 26. a3 Nc3 27. Bd1
Nxd1 28. Rxd1 Rxc4 29. Kf1 g5 30. Ke2 e5 31. Rg1 f6 {White resigns} 0-1

[Event "Team 45 45 League T65"]
[Site "Internet Chess Club"]
[Date "2015.06.15"]
[Round "2"]
[White "rubo"]
[Black "hudson"]
[Result "0-1"]
[WhiteElo "1654"]
[BlackElo "1618"]
[Opening "French: advance, Paulsen attack"]
[ECO "C02"]
[Time "23:01:07"]
[TimeControl "2700+45"]

1. e4 e6 2. d4 d5 3. e5 c5 4. c3 Nc6 5. Nf3 Nge7 6. Bd3 cxd4 7. cxd4 Nf5 8. Bxf5
exf5 9. Nc3 Be6 10. O-O Be7 11. Qb3 Qd7 12. Bf4 h6 13. Rfd1 g5 14. Bc1 O-O-O 15.
a3 Kb8 16. Qc2 Ka8 17. b4 f6 18. exf6 Bxf6 19. Ne2 Rc8 20. Qd3 Qg7 21. Bb2 h5
22. Rac1 g4 23. Nd2 Bg5 24. Rc2 f4 25. g3 fxg3 26. fxg3 h4 27. Nf1 Rcf8 28. Ne3
Rf3 29. Bc1 Bf5 30. Qb3 Bxc2 31. Qxc2 Bxe3+ 32. Bxe3 Rxe3 33. Rc1 hxg3 34. Nxg3
Qxd4 35. Kg2 Rhe8 36. b5 Nb8 37. Rd1 Qf6 38. Rf1 Rf3 39. Rd1 Rf8 40. Rd2 Rxa3
41. Qd1 Qf3+ 42. Qxf3 Raxf3 43. Rxd5 Rf2+ 44. Kg1 Rb2 45. Ne4 Rc8 46. Rd1 Rcc2
47. Ra1 Rg2+ 48. Kh1 Rxh2+ 49. Kg1 Rbg2+ 50. Kf1 Rh1+ 51. Kxg2 Rxa1 52. Kg3 Ra4
53. Nd6 Nd7 54. Nc8 Kb8 55. Nd6 Kc7 {White resigns} 0-1

[Event "Team 45 45 League T65"]
[Site "Internet Chess Club"]
[Date "2015.06.16"]
[Round "2"]
[White "skuhl99"]
[Black "g8wrb"]
[Result "1/2-1/2"]
[WhiteElo "1443"]
[BlackElo "1318"]
[Opening "Réti opening"]
[ECO "A11"]
[Time "06:32:37"]
[TimeControl "2700+45"]

1. Nf3 d5 2. c4 c6 3. g3 Nf6 4. Bg2 Bf5 5. cxd5 Nxd5 6. d3 Nf6 7. O-O Qc7 8. Bf4
Qb6 9. b3 Nbd7 10. Nbd2 Be6 11. Nc4 Bxc4 12. dxc4 g6 13. Qc2 Bg7 14. Rad1 O-O
15. Bh3 Rfd8 16. Bg5 e6 17. e4 Qc5 18. Rfe1 Ne5 19. Nxe5 Qxe5 20. Rxd8+ Rxd8 21.
Bf4 Qh5 22. Bg2 Ng4 23. h3 Nf6 24. Qe2 Qxe2 25. Rxe2 Rd1+ 26. Kh2 Nh5 27. Be3
Bc3 28. Bxa7 Bd4 29. Bxd4 Rxd4 30. Rb2 Nf6 31. f3 Kf8 32. a4 Ke7 33. Bf1 c5 34.
b4 Nd7 35. b5 Nb6 36. a5 Nxc4 37. Bxc4 Rxc4 38. Ra2 Rd4 39. a6 bxa6 40. bxa6 Rd8
41. a7 Ra8 42. Kg2 Kd7 43. Kf2 Kc7 44. Ke3 Kb6 45. Kd3 Rxa7 46. Rxa7 Kxa7 47.
Kc4 Kb6 48. h4 {Game drawn by mutual agreement} 1/2-1/2

[Event "Team 45 45 League T65"]
[Site "Internet Chess Club"]
[Date "2015.06.15"]
[Round "2"]
[White "Skeptic1972"]
[Black "otherook"]
[Result "1/2-1/2"]
[WhiteElo "1520"]
[BlackElo "1709"]
[Opening "Scandinavian (center counter) defense"]
[ECO "B01"]
[Time "14:00:14"]
[TimeControl "2700+45"]

1. e4 d5 2. exd5 Qxd5 3. Qf3 c6 4. Nc3 Qa5 5. Bc4 Nf6 6. Nge2 Bg4 7. Qe3 e6 8.
O-O Bd6 9. d3 O-O 10. h3 Bxe2 11. Nxe2 Nbd7 12. Bd2 Qe5 13. Qxe5 Nxe5 14. Bb3
Ned7 15. a3 a5 16. Ng3 a4 17. Ba2 h6 18. Rfe1 Be5 19. c3 Bc7 20. d4 b5 21. Ne4
Nxe4 22. Rxe4 Nf6 23. Re2 Nd5 24. Rd1 Nb6 25. Re4 Nd5 26. Bb1 Nf6 27. Re2 Rfd8
28. Kf1 Nd5 29. Re4 Nf6 30. Re2 Nd5 31. Re4 Nf6 32. Re2 {Game drawn by
repetition} 1/2-1/2

[Event "Team 45 45 League T65"]
[Site "Internet Chess Club"]
[Date "2015.06.14"]
[Round "2"]
[White "Invicta-Knight"]
[Black "nidusin2"]
[Result "1-0"]
[WhiteElo "1652"]
[BlackElo "1575"]
[Opening "Scotch opening"]
[ECO "C44"]
[Time "03:14:44"]
[TimeControl "2700+45"]

1. e4 Nc6 2. d4 e5 3. Nf3 d6 4. Bb5 Bd7 5. Nc3 Nf6 6. Bg5 Be7 7. dxe5 dxe5 8.
Bxc6 Bxc6 9. Nxe5 Qxd1+ 10. Rxd1 Nxe4 11. Nxc6 Nxc3 12. Nxe7 Nxd1 13. Kxd1 f6
14. Re1 Rd8+ 15. Bd2 Kf7 16. Nf5 Rd7 17. c4 Rhd8 18. Re2 Kg6 19. Ne3 c6 20. b4
f5 21. a4 Rd3 22. Kc2 Ra3 23. a5 Ra2+ 24. Kc3 a6 25. h4 Ra3+ 26. Kb2 Rdd3 27.
Nd1 Ra4 28. Bc3 Rxd1 29. Kb3 Raa1 30. Bxa1 Rxa1 31. Re7 Rb1+ 32. Kc3 Rc1+ 33.
Kd4 Rd1+ 34. Kc5 Rd2 35. Rxb7 Rxf2 36. Kxc6 Rxg2 37. Kd5 Re2 38. Rb6+ Kh5 39.
Rxa6 f4 40. Ra7 Kg6 41. h5+ Kf6 42. h6 gxh6 43. Rxh7 Kg6 44. Rh8 Kg7 45. Rc8 Re7
46. Kd6 Rf7 47. Re8 f3 48. Re1 f2 49. Rf1 h5 50. b5 h4 51. b6 Kf8 52. a6 Rf6+
53. Kc7 Rf7+ 54. Kc6 Rf6+ 55. Kd5 Rxb6 56. Rxf2+ Ke7 57. Re2+ Kd7 58. Ra2 Kc7
59. a7 {Black resigns} 1-0

[Event "Team 45 45 League T65"]
[Site "Internet Chess Club"]
[Date "2015.06.16"]
[Round "2"]
[White "Insan996"]
[Black "kingphisch"]
[Result "1-0"]
[WhiteElo "1601"]
[BlackElo "1477"]
[Opening "QGD Slav: exchange variation"]
[ECO "D13"]
[Time "18:37:59"]
[TimeControl "2700+45"]

1. d4 d5 2. c4 c6 3. cxd5 cxd5 4. Nf3 Nf6 5. Nc3 e6 6. Bf4 Bd6 7. Bg3 O-O 8. e3
Bxg3 9. hxg3 Nbd7 10. Bd3 Re8 11. Ne5 h6 12. O-O Nxe5 13. dxe5 Nh7 14. Rc1 a6
15. Ne2 Bd7 16. Nd4 Rc8 17. Qd2 Qb6 18. Rfd1 Rxc1 19. Rxc1 Rc8 20. Rxc8+ Bxc8
21. Qc2 Bd7 22. Bxh7+ Kf8 23. Bd3 Qd8 24. Qc5+ Ke8 25. Qd6 Bc8 26. Qb8 Ke7 27.
Nb3 Qd7 28. Nc5 Qc6 29. b4 Kd8 30. Bc2 Qc7 31. Qxc7+ Kxc7 32. Bd3 Kc6 33. Kf1 b5
34. Ke2 Kb6 35. Kd2 a5 36. Kc3 a4 37. e4 g6 38. exd5 exd5 39. Kd4 Kc6 40. f3 h5
41. Be2 Bf5 42. Nd3 g5 43. Nb2 g4 44. a3 Be6 45. Nd1 Bf5 46. Nc3 {Black resigns}
1-0

[Event "Team 45 45 League T65"]
[Site "Internet Chess Club"]
[Date "2015.06.16"]
[Round "2"]
[White "justice02"]
[Black "Greedy-Reedy"]
[Result "0-1"]
[WhiteElo "1654"]
[BlackElo "1896"]
[Opening "English opening"]
[ECO "A30"]
[Time "12:00:48"]
[TimeControl "2700+45"]

1. Nf3 Nf6 2. c4 c5 3. g3 d5 4. Bg2 e6 5. O-O Be7 6. d3 O-O 7. Qc2 Nc6 8. a3 d4
9. Nbd2 h6 10. e3 e5 11. e4 Be6 12. Nh4 Qd7 13. Re1 Nh7 14. Nhf3 Bh3 15. Nf1
Bxg2 16. Kxg2 Ng5 17. Nxg5 hxg5 18. Qe2 g6 19. h3 Kg7 20. Nd2 Rh8 21. Rh1 Rh7
22. Nf3 g4 23. hxg4 Rxh1 24. Kxh1 Qxg4 25. Ng1 Qd7 26. Bd2 a5 27. Kg2 b6 28. Nf3
Rh8 29. Rh1 Rxh1 30. Kxh1 Qh3+ 31. Kg1 f6 32. Nh2 f5 33. exf5 Qxf5 34. f4 exf4
35. Bxf4 Bg5 36. Bc7 Be3+ 37. Kg2 Ne5 38. Bxe5+ Qxe5 39. Ng4 Qe7 40. Nxe3 dxe3
41. Kf3 Qe5 42. a4 Kf6 43. Qxe3 Qxb2 44. Qf4+ Ke6 45. Kg4 Qe2+ 46. Qf3 Qxf3+ 47.
Kxf3 Ke5 48. Ke3 Kf5 49. Kf3 Kg5 50. g4 Kh4 51. Kf4 Kh3 52. g5 Kh4 53. Ke5 Kxg5
54. Kd6 Kf6 55. Kc6 g5 56. Kxb6 g4 57. Kxa5 g3 58. Kb5 g2 59. Kxc5 g1=Q+ 60. d4
Qa1 61. d5 Qxa4 62. Kd4 Qd1+ 63. Kc5 Ke5 64. Kb4 Qd4 65. Kb5 Kd6 66. Kb4 Qc5+
67. Kb3 Ke5 68. Kc3 Ke4 {White resigns} 0-1

[Event "Team 45 45 League T65"]
[Site "Internet Chess Club"]
[Date "2015.06.21"]
[Round "2"]
[White "ToniMostarda"]
[Black "zepled37"]
[Result "1/2-1/2"]
[WhiteElo "1812"]
[BlackElo "1727"]
[Opening "Trompowsky attack (Ruth, Opocenský opening)"]
[ECO "A45"]
[Time "17:07:51"]
[TimeControl "2700+45"]

1. d4 Nf6 2. Bg5 h6 3. Bh4 c5 4. dxc5 Nc6 5. c3 g5 6. Bg3 Bg7 7. Nd2 Nh5 8. e3
Nxg3 9. hxg3 Qa5 10. Nb3 Qc7 11. Bd3 Na5 12. Nf3 Nxb3 13. Qxb3 Qxc5 14. Nd4 e6
15. Qb5 Bxd4 16. cxd4 Qxb5 17. Bxb5 a6 18. Bd3 b5 19. Be4 Rb8 20. Rc1 Ke7 21.
Ke2 f5 22. Bd3 Bb7 23. f3 h5 24. Rc7 Kd6 25. Rhc1 h4 26. Kf2 hxg3+ 27. Kxg3 Rbc8
28. Rxc8 Bxc8 29. e4 fxe4 30. Bxe4 Ke7 31. d5 exd5 32. Bxd5 Kd8 33. Re1 d6 34.
b3 Rh7 35. Be4 Re7 36. Rh1 g4 37. Rd1 Kc7 38. Rc1+ Kd8 39. Rc3 gxf3 {Game drawn
by mutual agreement} 1/2-1/2

[Event "Team 45 45 League T65"]
[Site "Internet Chess Club"]
[Date "2015.06.14"]
[Round "2"]
[White "Grenadier"]
[Black "unclevinny"]
[Result "0-1"]
[WhiteElo "1557"]
[BlackElo "1602"]
[Opening "Ruy Lopez: closed, 8.c3"]
[ECO "C89"]
[Time "18:00:24"]
[TimeControl "2700+45"]

1. e4 e5 2. Nf3 Nc6 3. Bb5 a6 4. Ba4 b5 5. Bb3 Nf6 6. O-O Be7 7. Re1 O-O 8. c3
Bb7 9. d4 d6 10. Bg5 h6 11. Bh4 Nh7 12. Bg3 Ng5 13. Nbd2 Bf6 14. Bd5 Re8 15. b4
Rb8 16. Nxg5 Bxg5 17. Nf3 Bf6 18. Qb3 Qd7 19. dxe5 Nxe5 20. Nxe5 Bxe5 21. Bxe5
Rxe5 22. Bxb7 Rxb7 23. Rad1 Qe7 24. f3 Rb8 25. Rd5 Kf8 26. Red1 Qg5 27. Rxe5
Qxe5 28. Rd5 Qe6 29. Qd1 Ke7 30. Qd4 f6 31. Qa7 Qc8 32. Qd4 Qe6 33. f4 Rb6 34.
e5 Ke8 35. Kf2 fxe5 36. fxe5 Qf5+ 37. Ke2 Qh5+ 38. Ke1 Qxh2 39. exd6 Qg3+ 40.
Kf1 Rxd6 41. Qe4+ Kd7 42. Qf5+ Kc6 43. Rc5+ Kb6 44. Qe4 Rd1+ 45. Ke2 Re1+ {White
resigns} 0-1